| TOP OF THE 1ST |
|
Philadelphia Phillies batting - Pitching for New York Mets : RHP Raymond Price
|
|
Pitching: RHP Raymond Price
|
|
|
Batting: RHB Paul Molitor
|
0-0: Called Strike 0-1: Ball 1-1: Ball 2-1: Called Strike 2-2: Ground out 6-3 (Groundball, 56, EV 111.3 MPH)
|
|
Batting: RHB Andy Ramirez
|
0-0: Fly out, F8 (Line Drive, 8LM, EV 91.9 MPH)
|
|
Batting: LHB Tony Gwynn
|
0-0: Foul Ball, location: 2F 0-1: SINGLE (Groundball, 4MD, EV 101.9 MPH)
|
|
Batting: RHB Candy Maldonado
|
0-0: Ball 1-0: Fly out, F4 (Popup, 4, EV 71.9 MPH)
|
| Top of the 1st over - 0 runs, 1 hit, 0 errors, 1 left on base; Philadelphia 0 - New York 0 |
| BOTTOM OF THE 1ST |
|
New York Mets batting - Pitching for Philadelphia Phillies : RHP Bill Singer
|
|
Pitching: RHP Bill Singer
|
|
|
Batting: LHB Lyman Bostock
|
0-0: Called Strike 0-1: Fly out, F7 (Flyball, 78M, EV 80.6 MPH)
|
|
Batting: RHB Ray Knight
|
0-0: Foul Ball, location: 2F 0-1: Called Strike 0-2: Ball 1-2: Ground out 4-3 (Groundball, 4S, EV 66.9 MPH)
|
|
Batting: LHB John Kruk
|
0-0: DOUBLE (Line Drive, 78M, EV 110.6 MPH)
|
|
Batting: SHB Ken Singleton
|
0-0: Ground out U3 (Groundball, 3L, EV 85.6 MPH)
|
| Bottom of the 1st over - 0 runs, 1 hit, 0 errors, 1 left on base; Philadelphia 0 - New York 0 |
| TOP OF THE 2ND |
|
Philadelphia Phillies batting - Pitching for New York Mets : RHP Raymond Price
|
|
Batting: LHB Ken Phelps
|
0-0: Ball 1-0: Ball 2-0: Called Strike 2-1: Ball 3-1: Base on Balls
|
|
Batting: LHB Andy Guerrero
|
0-0: Ball 1-0: Fly out, F4 (Flyball, 34D, EV 78.8 MPH)
|
|
Batting: RHB Dan Thomas
|
0-0: Ball 1-0: Foul Ball, location: 2F 1-1: Foul Ball, location: 2F 1-2: Ball 2-2: Ball 3-2: Fly out, F8 (Line Drive, 8RM, EV 95.0 MPH)
|
|
Batting: RHB Tony Pena
|
0-0: Fielders Choice at 2nd, 6-4 (Groundball, 6, EV 86.3 MPH)
|
| Top of the 2nd over - 0 runs, 0 hits, 0 errors, 1 left on base; Philadelphia 0 - New York 0 |
| BOTTOM OF THE 2ND |
|
New York Mets batting - Pitching for Philadelphia Phillies : RHP Bill Singer
|
|
Batting: RHB Brad Komminsk
|
0-0: Called Strike 0-1: Swinging Strike 0-2: Foul Ball, location: 2F 0-2: Ball 1-2: Ball 2-2: Ground out 1-3 (Groundball, 13S, EV 68.1 MPH)
|
|
Batting: LHB Roy E Johnson
|
0-0: Called Strike 0-1: Called Strike 0-2: SINGLE (Line Drive, 5D, EV 105.6 MPH)
|
|
Batting: RHB Dave Concepcion
|
0-0: Called Strike 0-1: Ball 1-1: Ball 2-1: Foul Ball, location: 2F 2-2: Fly out, F4 (Popup, 3DF, EV 68.8 MPH)
|
|
Batting: LHB Terry Kennedy
|
0-0: SINGLE (Groundball, 4MD, EV 96.9 MPH) Roy E Johnson to second Runner from 2nd tries for 3rd, SAFE, throw by CF made to third
|
|
Batting: RHB Raymond Price
|
0-0: Ball 1-0: Called Strike 1-1: Foul Ball, location: 2F 1-2: Strikes out swinging
|
| Bottom of the 2nd over - 0 runs, 2 hits, 0 errors, 2 left on base; Philadelphia 0 - New York 0 |
| TOP OF THE 3RD |
|
Philadelphia Phillies batting - Pitching for New York Mets : RHP Raymond Price
|
|
Batting: RHB Bill Singer
|
0-0: Called Strike 0-1: Ball 1-1: Ball 2-1: Called Strike 2-2: Ball 3-2: Base on Balls
|
|
Batting: RHB Paul Molitor
|
0-0: Ball 1-0: Fielders Choice at 2nd, 6-4 (Groundball, 6, EV 85.0 MPH)
|
|
Batting: RHB Andy Ramirez
|
0-0: Ball Paul Molitor steals 2nd base 1-0: Called Strike 1-1: DOUBLE (Line Drive, 78D, EV 111.9 MPH) Paul Molitor scores
|
|
Batting: LHB Tony Gwynn
|
0-0: Foul Ball, location: 2F 0-1: Fly out, F7 (Flyball, 7D, EV 80.6 MPH) Runner from 2nd tags up, SAFE at 3rd with throw by LF
|
|
Batting: RHB Candy Maldonado
|
0-0: Ball 1-0: Called Strike 1-1: Foul Ball, location: 2F 1-2: Foul Ball, location: 2F 1-2: Strikes out swinging
|
| Top of the 3rd over - 1 run, 1 hit, 0 errors, 1 left on base; Philadelphia 1 - New York 0 |
| BOTTOM OF THE 3RD |
|
New York Mets batting - Pitching for Philadelphia Phillies : RHP Bill Singer
|
|
Batting: LHB Lyman Bostock
|
0-0: Called Strike 0-1: Swinging Strike 0-2: Strikes out swinging
|
|
Batting: RHB Ray Knight
|
0-0: Foul Ball, location: 2F 0-1: Ball 1-1: Ball 2-1: Fly out, F8 (Flyball, 8RXD, EV 79.4 MPH)
|
|
Batting: LHB John Kruk
|
0-0: Ball 1-0: Called Strike 1-1: Foul Ball, location: 2F 1-2: Foul Ball, location: 2F 1-2: Foul Ball, location: 2F 1-2: Foul Ball, location: 2F 1-2: DOUBLE (Line Drive, 78D, EV 110.0 MPH)
|
|
Batting: SHB Ken Singleton
|
0-0: Foul Ball, location: 2F 0-1: Ball 1-1: Ball 2-1: Ball 3-1: Fly out, F7 (Line Drive, 7, EV 91.3 MPH)
|
| Bottom of the 3rd over - 0 runs, 1 hit, 0 errors, 1 left on base; Philadelphia 1 - New York 0 |
| TOP OF THE 4TH |
|
Philadelphia Phillies batting - Pitching for New York Mets : RHP Raymond Price
|
|
Batting: LHB Ken Phelps
|
0-0: Ball 1-0: Foul Ball, location: 2F 1-1: Ball 2-1: Foul Ball, location: 2F 2-2: Foul Ball, location: 2F 2-2: Ball 3-2: Fly out, F9 (Flyball, 89S, EV 91.3 MPH)
|
|
Batting: LHB Andy Guerrero
|
0-0: Ball 1-0: Ball 2-0: Ball 3-0: Called Strike 3-1: Foul Ball, location: 2F 3-2: Ground out 4-3 (Groundball, 34, EV 102.5 MPH)
|
|
Batting: RHB Dan Thomas
|
0-0: SINGLE (Groundball, 6MD, EV 108.8 MPH)
|
|
Batting: RHB Tony Pena
|
0-0: Called Strike Dan Thomas steals 2nd base 0-1: Ball 1-1: Intentional Walk
|
|
Batting: RHB Bill Singer
|
0-0: Ball 1-0: Fly out, F4 (Flyball, 4D, EV 88.1 MPH)
|
| Top of the 4th over - 0 runs, 1 hit, 0 errors, 2 left on base; Philadelphia 1 - New York 0 |
| BOTTOM OF THE 4TH |
|
New York Mets batting - Pitching for Philadelphia Phillies : RHP Bill Singer
|
|
Batting: RHB Brad Komminsk
|
0-0: Called Strike 0-1: Foul Ball, location: 2F 0-2: Ball 1-2: Ground out 4-3 (Groundball, 4, EV 92.5 MPH)
|
|
Batting: LHB Roy E Johnson
|
0-0: Ball 1-0: Called Strike 1-1: Ball 2-1: Ball 3-1: Called Strike 3-2: Foul Ball, location: 2F 3-2: Ground out 5-3 (Groundball, 56, EV 89.4 MPH)
|
|
Batting: RHB Dave Concepcion
|
0-0: Ball 1-0: Called Strike 1-1: Called Strike 1-2: Ball 2-2: Foul Ball, location: 2F 2-2: Fly out, F6 (Flyball, 6D, EV 82.5 MPH)
|
| Bottom of the 4th over - 0 runs, 0 hits, 0 errors, 0 left on base; Philadelphia 1 - New York 0 |
| TOP OF THE 5TH |
|
Philadelphia Phillies batting - Pitching for New York Mets : RHP Raymond Price
|
|
Batting: RHB Paul Molitor
|
0-0: Ball 1-0: Called Strike 1-1: Ball 2-1: Ball 3-1: SINGLE (Groundball, 56D, EV 100.0 MPH)
|
|
Batting: RHB Andy Ramirez
|
0-0: Ball 1-0: Bunted foul 1-1: Sac Bunt to 25 - play at first, batter OUT! 5-4 Paul Molitor to second
|
|
Batting: LHB Tony Gwynn
|
0-0: Called Strike 0-1: SINGLE (Groundball, 4MD, EV 99.4 MPH) Paul Molitor to third Runner from 3rd tries for Home, SAFE, throw by CF to home Tony Gwynn to second
|
|
Batting: RHB Candy Maldonado
|
0-0: Ball 1-0: Ball 2-0: 2-RUN HOME RUN (Flyball, 78XD, EV 101.3 MPH), Distance : 419 ft
|
|
Batting: LHB Ken Phelps
|
0-0: Foul Ball, location: 2F 0-1: Ball 1-1: Ball 2-1: Ball 3-1: Base on Balls
|
|
Batting: LHB Andy Guerrero
|
0-0: Ball 1-0: Ball 2-0: Ball 3-0: Base on Balls Ken Phelps to second
|
|
Batting: RHB Dan Thomas
|
0-0: Called Strike 0-1: Ball 1-1: Ball 2-1: Called Strike 2-2: Foul Ball, location: 2F 2-2: Ball 3-2: Foul Ball, location: 2F 3-2: Foul Ball, location: 2F 3-2: Foul Ball, location: 2F 3-2: SINGLE (Line Drive, 3D, EV 95.6 MPH) Ken Phelps to third Andy Guerrero to second Runner from 3rd tries for Home, SAFE, throw by RF to home
|
|
Batting: RHB Tony Pena
|
0-0: Called Strike 0-1: Ball 1-1: Ball 2-1: Ball 3-1: Called Strike 3-2: Strikes out swinging
|
|
Batting: RHB Bill Singer
|
0-0: Ball 1-0: Called Strike 1-1: Called Strike 1-2: Ball 2-2: Ball 3-2: Strikes out swinging
|
| Top of the 5th over - 4 runs, 4 hits, 0 errors, 2 left on base; Philadelphia 5 - New York 0 |
| BOTTOM OF THE 5TH |
|
New York Mets batting - Pitching for Philadelphia Phillies : RHP Bill Singer
|
|
Batting: LHB Terry Kennedy
|
0-0: Called Strike 0-1: Ball 1-1: Ground out 6-3 (Groundball, 6M, EV 81.3 MPH)
|
|
Batting: RHB Raymond Price
|
0-0: Ball 1-0: Called Strike 1-1: Ball 2-1: Called Strike 2-2: Strikes out swinging
|
|
Batting: LHB Lyman Bostock
|
0-0: Ball 1-0: SINGLE (Groundball, 34S, EV 67.5 MPH) (infield hit)
|
|
Batting: RHB Ray Knight
|
0-0: Ball 1-0: Ball Lyman Bostock steals 2nd base (no throw) 2-0: Ground out 6-3 (Groundball, 56, EV 80.6 MPH)
|
| Bottom of the 5th over - 0 runs, 1 hit, 0 errors, 1 left on base; Philadelphia 5 - New York 0 |
| TOP OF THE 6TH |
|
Philadelphia Phillies batting - Pitching for New York Mets : RHP Raymond Price
|
|
Batting: RHB Paul Molitor
|
0-0: Ball 1-0: Ball 2-0: Ball 3-0: Fly out, F7 (Flyball, 78S, EV 88.8 MPH)
|
|
Batting: RHB Andy Ramirez
|
0-0: Ball 1-0: Ball 2-0: Called Strike 2-1: Foul Ball, location: 2F 2-2: DOUBLE (Line Drive, 5D, EV 94.4 MPH)
|
|
Pitching: LHP Rich Wortham
|
|
|
Batting: LHB Tony Gwynn
|
0-0: Called Strike 0-1: Ground out 5-3 (Groundball, 56, EV 103.8 MPH)
|
|
Batting: RHB Candy Maldonado
|
0-0: Ball 1-0: Fly out, F7 (Flyball, 7S, EV 87.5 MPH)
|
| Top of the 6th over - 0 runs, 1 hit, 0 errors, 1 left on base; Philadelphia 5 - New York 0 |
| BOTTOM OF THE 6TH |
|
New York Mets batting - Pitching for Philadelphia Phillies : RHP Bill Singer
|
|
Batting: LHB John Kruk
|
0-0: Ball 1-0: Foul Ball, location: 2F 1-1: Ground out 5-3 (Groundball, 5, EV 90.0 MPH)
|
|
Batting: SHB Ken Singleton
|
0-0: Ball 1-0: Called Strike 1-1: Foul Ball, location: 2F 1-2: Ball 2-2: Foul Ball, location: 2F 2-2: Ball 3-2: Foul Ball, location: 2F 3-2: Reached on error, E4 (Groundball, 4M, EV 86.3 MPH)
|
|
Batting: RHB Brad Komminsk
|
0-0: Ball 1-0: Called Strike 1-1: Foul Ball, location: 2F 1-2: Fly out, F3 (Popup, 34S, EV 86.3 MPH)
|
|
Batting: LHB Roy E Johnson
|
0-0: Ball 1-0: Ball 2-0: Ball 3-0: Called Strike 3-1: Foul Ball, location: 2F 3-2: SINGLE (Flyball, 9LS, EV 93.8 MPH) Ken Singleton to second Ken Singleton to third
|
|
Batting: RHB Dave Concepcion
|
0-0: Ground out 1-3 (Groundball, 15, EV 69.4 MPH)
|
| Bottom of the 6th over - 0 runs, 1 hit, 1 error, 2 left on base; Philadelphia 5 - New York 0 |
| TOP OF THE 7TH |
|
Philadelphia Phillies batting - Pitching for New York Mets : LHP Rich Wortham
|
|
Batting: LHB Ken Phelps
|
0-0: Ball 1-0: Called Strike 1-1: Ball 2-1: Ball 3-1: Base on Balls
|
|
Batting: LHB Andy Guerrero
|
0-0: Called Strike 0-1: Foul Ball, location: 2F 0-2: Ball Wild Pitch! Ken Phelps to second 1-2: Strikes out looking
|
|
Batting: RHB Dan Thomas
|
0-0: Called Strike 0-1: Swinging Strike 0-2: Strikes out swinging
|
|
Batting: RHB Tony Pena
|
0-0: Swinging Strike 0-1: Ball 1-1: Ball 2-1: DOUBLE (Groundball, 5L, EV 97.5 MPH) Ken Phelps scores
|
|
Batting: RHB Bill Singer
|
0-0: Called Strike 0-1: Ground out 5-3 (Groundball, 5D, EV 97.5 MPH)
|
| Top of the 7th over - 1 run, 1 hit, 0 errors, 1 left on base; Philadelphia 6 - New York 0 |
| BOTTOM OF THE 7TH |
|
New York Mets batting - Pitching for Philadelphia Phillies : RHP Bill Singer
|
|
Batting: LHB Terry Kennedy
|
0-0: Foul Ball, location: 2F 0-1: Foul Ball, location: 2F 0-2: Ball 1-2: Strikes out swinging
|
|
Pinch Hitting: RHB Gary Redus
|
0-0: Ground out 5-3 (Groundball, 56S, EV 69.4 MPH)
|
|
Batting: LHB Lyman Bostock
|
0-0: Foul Ball, location: 2F 0-1: Called Strike 0-2: Ball 1-2: Foul Ball, location: 2F 1-2: Strikes out looking
|
| Bottom of the 7th over - 0 runs, 0 hits, 0 errors, 0 left on base; Philadelphia 6 - New York 0 |
| TOP OF THE 8TH |
|
Philadelphia Phillies batting - Pitching for New York Mets : LHP Rich Wortham
|
|
Pitching: RHP Kip Young
|
|
|
Batting: RHB Paul Molitor
|
0-0: Ball 1-0: Ball 2-0: Ground out 6-3 (Groundball, 6S, EV 85.6 MPH)
|
|
Batting: RHB Andy Ramirez
|
0-0: Ball 1-0: Fly out, F3 (Flyball, 3D, EV 92.5 MPH)
|
|
Batting: LHB Tony Gwynn
|
0-0: Called Strike 0-1: Called Strike 0-2: SINGLE (Line Drive, 7LS, EV 96.9 MPH)
|
|
Batting: RHB Candy Maldonado
|
0-0: Called Strike Tony Gwynn is caught stealing 2nd base 2-4
|
| Top of the 8th over - 0 runs, 1 hit, 0 errors, 0 left on base; Philadelphia 6 - New York 0 |
| BOTTOM OF THE 8TH |
|
New York Mets batting - Pitching for Philadelphia Phillies : RHP Bill Singer
|
|
Batting: RHB Ray Knight
|
0-0: Ball 1-0: Foul Ball, location: 2F 1-1: Called Strike 1-2: Ground out 5-3 (Groundball, 5, EV 83.8 MPH)
|
|
Batting: LHB John Kruk
|
0-0: SINGLE (Line Drive, 7S, EV 105.0 MPH)
|
|
Batting: SHB Ken Singleton
|
0-0: Fly out, F8 (Flyball, 78M, EV 78.1 MPH)
|
|
Batting: RHB Brad Komminsk
|
0-0: Ball 1-0: Swinging Strike 1-1: Ball 2-1: Foul Ball, location: 2F 2-2: Strikes out swinging
|
| Bottom of the 8th over - 0 runs, 1 hit, 0 errors, 1 left on base; Philadelphia 6 - New York 0 |
| TOP OF THE 9TH |
|
Philadelphia Phillies batting - Pitching for New York Mets : RHP Kip Young
|
|
Batting: RHB Candy Maldonado
|
0-0: Ball 1-0: Called Strike 1-1: Swinging Strike 1-2: Foul Ball, location: 2F 1-2: Ball 2-2: Ball 3-2: Ground out 5-3 (Groundball, 56, EV 89.4 MPH)
|
|
Batting: LHB Ken Phelps
|
0-0: Foul Ball, location: 2F 0-1: Called Strike 0-2: Ball 1-2: Ground out 3-1 (Groundball, 34S, EV 82.5 MPH)
|
|
Batting: LHB Andy Guerrero
|
0-0: Called Strike 0-1: Ground out 4-3 (Groundball, 4, EV 87.5 MPH)
|
| Top of the 9th over - 0 runs, 0 hits, 0 errors, 0 left on base; Philadelphia 6 - New York 0 |
| BOTTOM OF THE 9TH |
|
New York Mets batting - Pitching for Philadelphia Phillies : RHP Bill Singer
|
|
Batting: LHB Roy E Johnson
|
0-0: Called Strike 0-1: Fly out, F7 (Flyball, 7LD, EV 95.0 MPH)
|
|
Batting: RHB Dave Concepcion
|
0-0: Swinging Strike 0-1: SINGLE (Line Drive, 4MD, EV 101.3 MPH)
|
|
Batting: LHB Terry Kennedy
|
0-0: Ball 1-0: Swinging Strike 1-1: Foul Ball, location: 2F 1-2: Foul Ball, location: 2F 1-2: Strikes out looking
|
|
Pinch Hitting: LHB Alamazoo White
|
0-0: Called Strike 0-1: Ball 1-1: Ball 2-1: Foul Ball, location: 2F 2-2: Ball 3-2: Base on Balls Dave Concepcion to second
|
|
Batting: LHB Lyman Bostock
|
0-0: Called Strike 0-1: 3-RUN HOME RUN (Flyball, 9LD, EV 89.4 MPH), Distance : 366 ft
|
|
Batting: RHB Ray Knight
|
0-0: Ball 1-0: Ball 2-0: Called Strike 2-1: Ball 3-1: Fly out, F7 (Flyball, 7LS, EV 90.6 MPH)
|
| Bottom of the 9th over - 3 runs, 2 hits, 0 errors, 0 left on base; Philadelphia 6 - New York 3 |
|